 Dungeon Sprint DCSS version 0.30-a0-802-gb92711bcdf (webtiles) character file.

Game seed: 8560931835905150623

30767 BigDaddyOpFi the Peltast (level 13, -4/97 HPs)
             Began as a Gargoyle Fighter on Feb 23, 2023.
             Was the Champion of Cheibriados.
             Constricted to death by a naga warrior (6 damage)
             ... in the Dungeon (Sprint VII: "The Pits").
             The game lasted 00:06:26 (3467 turns).

BigDaddyOpFi the Peltast (Gargoyle Fighter)         Turns: 3467, Time: 00:06:27

Health: -4/97      AC: 44    Str: 39    XL:     13   Next: 53%
Magic:  6/25       EV:  6    Int: 31    God:    Cheibriados [******]
Gold:   57         SH: 10    Dex: 24    Spells: 12/12 levels left

rFire   . . .      SeeInvis .    r - +2 war axe (heavy)
rCold   . . .      Faith    .    c - +0 buckler
rNeg    + . .      Spirit   .    k - +10 plate armour
rPois   ∞          Reflect  .    (no helmet)
rElec   +          Harm     .    o - +0 cloak
rCorr   .          Rampage  .    (no gloves)
Will    ++...      NoTele   +    p - +0 pair of boots Stlth
                                 (no amulet)
HPRegen 0.36/turn                A - ring of Jexuchez {Will++ Int+6}
MPRegen 0.19/turn                m - +3 ring of protection

@: constricted, very slow
A: sickness immunity, AC +9, negative energy resistance 1, electricity
resistance, torment resistance 1, petrification resistance
a: Renounce Religion, Bend Time, Temporal Distortion, Slouch, Step From Time


You were in the Dungeon.
You worshipped Cheibriados.
Cheibriados was exalted by your worship.
You visited 1 branch You collected 57 gold pieces.

Inventory:

Hand Weapons
 r - a +2 heavy war axe (weapon)
Armour
 c - a +0 buckler (worn)
 k - a +10 plate armour (worn)
 o - a +0 cloak (worn)
 p - a +0 pair of boots (worn)
Jewellery
 b - a +3 ring of dexterity
 m - a +3 ring of protection (right hand)
 v - a ring of protection from cold
 w - a ring of see invisible
 z - a ring of fire
 A - the ring of Jexuchez (left hand) {Will++ Int+6}
   (You found it in the Dungeon)

   [ring of intelligence]

   Int:       It affects your intelligence (+6).
   Will:      It greatly increases your willpower.
Scrolls
 a - a scroll of fog
 e - 2 scrolls of fear
 l - a scroll of identify
 s - 2 scrolls of blinking
 x - a scroll of butterflies
Potions
 d - a potion of might
 f - 2 potions of invisibility
 g - 2 potions of haste
 h - 3 potions of magic
 i - 6 potions of berserk rage
 j - a potion of brilliance
 n - a potion of resistance
 q - 2 potions of curing
 t - a potion of flight {unknown}
 u - a potion of heal wounds
Miscellaneous
 y - a phantom mirror


   Skills:
 + Level 18.1 Fighting
 + Level 15.3 Axes
 + Level 18.1 Armour
 + Level 18.1 Shields
 * Level 16.5 Invocations


You had 12 spell levels left.
You didn't know any spells.
Your spell library contained the following spells:

 Spells                   Type           Power      Damage    Failure   Level
 Frozen Ramparts          Ice            0%         1d1       69%         3
 Ozocubu's Armour         Ice            0%         N/A       69%         3
 Anguish                  Hex/Necr       0%         N/A       97%         4
 Polar Vortex             Ice            0%         N/A       100%        9


Dungeon Overview and Level Annotations

Branches:
Dungeon (1/1)

Altars:
Ashenzari
Cheibriados
Dithmenos
Elyvilon
Fedhas
Gozag
Hepliaklqana
Kikubaaqudgha
Makhleb
Nemelex Xobeh
Okawaru
Qazlal
Ru
Sif Muna
Trog
Uskayaw
Vehumet
Wu Jian
Xom
Yredelemnul
Zin
The Shining One
Jiyva
Lugonu


Innate Abilities, Weirdness & Mutations

You are immune to sickness and miasma.
Your stone body is resilient. (AC +9)
You are immune to poison.
You resist negative energy. (rN+)
You are resistant to electric shocks. (rElec)
You are resistant to unholy torment.
You are immune to petrification.


Message History

The vault guard hits you but does no damage.
The skeletal warrior hits you but does no damage.
You block the alligator snapping turtle's attack.
You chop the vault guard into pieces!!!
You kill the vault guard!
Cheibriados appreciates the change of pace.
You hit the skeletal warrior. The skeletal warrior barely misses you.
The alligator snapping turtle bites you from afar!
Your Armour skill increases to level 18!
You slash the naga warrior!
The naga warrior is moderately wounded.
You slash the skeletal warrior!
You destroy the skeletal warrior!
Cheibriados thoroughly appreciates the change of pace.
The alligator snapping turtle bites you from afar!
* * * LOW HITPOINT WARNING * * *
A naga warrior comes into view. It is wielding a +0 glaive.
The naga warrior hits you with a +0 scimitar!
* * * LOW HITPOINT WARNING * * *
The naga warrior grabs you. The naga warrior constricts you.
The naga warrior shouts!
You slash the naga warrior!
The naga warrior is heavily wounded.
You hit the skeletal warrior but do no damage.
The alligator snapping turtle bites you from afar!
* * * LOW HITPOINT WARNING * * *
The skeletal warrior barely misses you.
A yaktaur captain comes into view.
The naga warrior roars a battlecry!
The naga warrior goes into a battle-frenzy!
The naga warrior constricts you.
You feel much better.
The yaktaur captain shouts!
The skeletal warrior hits you with a +0 scimitar!
* * * LOW HITPOINT WARNING * * *
You block the alligator snapping turtle's attack.
The naga warrior hits you with a +0 scimitar!
* * * LOW HITPOINT WARNING * * *
The naga warrior constricts you.
You die...

..# ..# ..+ ..+ ''#
''###############################
.................................
.....(..........÷................
..##############@'##############.
..# #.zN)).# #. ..# #.t))..# #.
..# #..)...# #. ..# ###)N### #.
..# )c.. #. ))# ..). #. ..#
#....# #. ).# #.


You could see an alligator snapping turtle, a yaktaur captain, 2 naga warriors
and a skeletal warrior.

Vanquished Creatures
  Arachne (D)
  2 orc warlords (D)
  An angel (D)
  A stone giant (D)
  A vault guard (D)
  An alligator snapping turtle (D)
  2 death yaks (D)
  An orc high priest (D)
  6 skeletal warriors (D)
  A shadow wraith (D)
  A naga ritualist (D)
  8 orc knights (D)
  A phantasmal warrior (D)
  A swamp dragon (D)
  5 harpies (D)
  A manticore (D)
  A rust devil (D)
  2 elephants (D)
  Joseph (D)
  A molten gargoyle (D)
  A naga mage (D)
  An orange demon (D)
  A cane toad (D)
  A yaktaur (D)
  An unseen horror (D)
  A rime drake (D)
  An efreet (D)
  A freezing wraith (D)
  2 guardian mummies (D)
  2 wind drakes (D)
  2 trolls (D)
  A hellwing (D)
  A snapping turtle (D)
  5 blink frogs (D)
  A flying skull (D)
  An air elemental (D)
  A jumping spider (D)
  2 ynoxinuls (D)
  17 yaks (D)
  A chaos spawn (D)
  2 redbacks (D)
  A steam dragon (D)
  3 nagas (D)
  A warg (D)
  3 orc warriors (D)
  An ogre (D)
  A centaur (D)
  3 wolves (D)
  A phantom (D)
  2 bullfrogs (D)
  A necrophage (D)
  A scorpion (D)
  3 crimson imps (D)
  A hound (D)
  A jelly (D)
  4 orc priests (D)
  An iguana (D)
  2 orc wizards (D)
  A hell rat (D)
  2 gnolls (D)
  An adder (D)
  2 river rats (D)
  An adder zombie (D)
  A worm (D)
  8 orcs (D)
  A ball python (D)
  A bat skeleton (D)
  An endoplasm (D)
  A giant cockroach (D)
  A hobgoblin (D)
  7 jackals (D)
143 creatures vanquished.

Notes
Turn   | Place    | Note
-------+----------+-------------------------------------------
     0 | D        | BigDaddyOpFi the Gargoyle Fighter began the quest for the
                  | Orb.
     0 | D        | Reached XP level 1. HP: 14/14 MP: 1/1
    21 | D        | Found a bloodstained altar of Trog.
    21 | D        | Found a shimmering blue altar of Sif Muna.
    21 | D        | Found a viscous altar of Jiyva.
    21 | D        | Found a hazy altar of Hepliaklqana.
    21 | D        | Found an opulent altar of Gozag.
    22 | D        | Found a glowing golden altar of the Shining One.
    22 | D        | Found a glowing silver altar of Zin.
    22 | D        | Found a basalt altar of Yredelemnul.
    22 | D        | Found a shimmering altar of Xom.
    22 | D        | Found an ornate altar of the Wu Jian Council.
    22 | D        | Found a sacrificial altar of Ru.
    22 | D        | Found a stormy altar of Qazlal.
    22 | D        | Found an iron altar of Okawaru.
    22 | D        | Found a sparkling altar of Nemelex Xobeh.
    22 | D        | Found a burning altar of Makhleb.
    22 | D        | Found a blossoming altar of Fedhas.
    22 | D        | Found a white marble altar of Elyvilon.
    22 | D        | Found a shadowy altar of Dithmenos.
    22 | D        | Found a snail-covered altar of Cheibriados.
    23 | D        | Found a radiant altar of Vehumet.
    23 | D        | Found a corrupted altar of Lugonu.
    24 | D        | Found an ancient bone altar of Kikubaaqudgha.
    24 | D        | Found a hide-covered altar of Uskayaw.
    24 | D        | Found a broken altar of Ashenzari.
    30 | D        | Became a worshipper of Cheibriados the Contemplative
    61 | D        | Reached * piety under Cheibriados
    66 | D        | Reached ** piety under Cheibriados
    71 | D        | Reached XP level 2. HP: 20/20 MP: 2/2
    83 | D        | Reached *** piety under Cheibriados
   207 | D        | Reached XP level 3. HP: 14/24 MP: 3/3
   210 | D        | Reached **** piety under Cheibriados
   391 | D        | Reached skill level 5 in Fighting
   391 | D        | Reached skill level 5 in Armour
   391 | D        | Reached skill level 5 in Shields
   391 | D        | Reached XP level 4. HP: 26/31 MP: 4/4
   395 | D        | Reached ***** piety under Cheibriados
   406 | D        | Reached XP level 5. HP: 29/36 MP: 5/5
   408 | D        | Reached skill level 5 in Axes
   434 | D        | Noticed a centaur
   440 | D        | Killed a centaur
   440 | D        | Reached ****** piety under Cheibriados
   441 | D        | Reached XP level 6. HP: 36/44 MP: 6/6
   443 | D        | Noticed a yak
   451 | D        | Killed a yak
   577 | D        | Noticed an orc warrior
   584 | D        | Killed an orc warrior
   585 | D        | Reached XP level 7. HP: 47/50 MP: 7/7
   727 | D        | Noticed a yak
   727 | D        | Noticed a yak
   727 | D        | Noticed a yak
   727 | D        | Noticed a yak
   727 | D        | Noticed a yak
   727 | D        | Noticed a yak
   727 | D        | Noticed a yak
   727 | D        | Noticed a yak
   727 | D        | Noticed a yak
   727 | D        | Noticed a yak
   731 | D        | Killed a yak
   734 | D        | Killed a yak
   734 | D        | Killed a yak
   735 | D        | Reached skill level 10 in Fighting
   735 | D        | Reached skill level 10 in Armour
   735 | D        | Reached skill level 10 in Shields
   735 | D        | Reached XP level 8. HP: 49/57 MP: 2/8
   739 | D        | Killed a yak
   740 | D        | Killed a yak
   741 | D        | Killed a yak
   741 | D        | Killed a yak
   745 | D        | Killed a yak
   746 | D        | Reached XP level 9. HP: 26/64 MP: 4/9
  1104 | D        | Noticed a molten gargoyle
  1104 | D        | Noticed a death yak
  1110 | D        | Killed a death yak
  1111 | D        | Reached skill level 10 in Axes
  1111 | D        | Killed a molten gargoyle
  1463 | D        | Noticed a phantasmal warrior
  1463 | D        | Noticed an alligator snapping turtle
  1466 | D        | Killed a phantasmal warrior
  1467 | D        | Reached XP level 10. HP: 69/73 MP: 4/10
  1482 | D        | Killed an alligator snapping turtle
  1788 | D        | Noticed an elephant
  1797 | D        | Killed an elephant
  1812 | D        | Noticed a death yak
  1812 | D        | Noticed a manticore
  1816 | D        | Killed a death yak
  1819 | D        | Reached XP level 11. HP: 73/80 MP: 5/13
  1820 | D        | Killed a manticore
  2094 | D        | Reached skill level 5 in Invocations
  2140 | D        | Noticed Arachne
  2140 | D        | Noticed a skeletal warrior
  2140 | D        | Noticed a skeletal warrior
  2140 | D        | Noticed a skeletal warrior
  2140 | D        | Noticed a skeletal warrior
  2140 | D        | Noticed a skeletal warrior
  2147 | D        | Killed a skeletal warrior
  2148 | D        | Killed a skeletal warrior
  2155 | D        | Killed a skeletal warrior
  2155 | D        | Killed a skeletal warrior
  2156 | D        | Reached skill level 15 in Fighting
  2156 | D        | Reached skill level 15 in Armour
  2156 | D        | Reached skill level 15 in Shields
  2157 | D        | Killed a skeletal warrior
  2163 | D        | Killed Arachne
  2186 | D        | Reached skill level 10 in Invocations
  2188 | D        | Noticed an orc high priest
  2200 | D        | Killed a shadow wraith
  2201 | D        | Reached XP level 12. HP: 31/88 MP: 2/19
  2203 | D        | HP: 3/88 [wolf (2)]
  2212 | D        | Killed an orc high priest
  2422 | D        | Noticed Joseph
  2430 | D        | Killed Joseph
  2889 | D        | Got the Enchiridion on Frigorific Ectoplasm
  3010 | D        | Noticed a stone giant
  3018 | D        | Killed a stone giant
  3403 | D        | Noticed an angel
  3405 | D        | Reached XP level 13. HP: 96/96 MP: 17/23
  3407 | D        | Killed an angel
  3410 | D        | Got the ring of Jexuchez {Will++ Int+6}
  3452 | D        | Noticed an orc warlord
  3452 | D        | Noticed an orc warlord
  3459 | D        | Reached skill level 15 in Invocations
  3459 | D        | Noticed a vault guard
  3460 | D        | Reached skill level 15 in Axes
  3460 | D        | Killed an orc warlord
  3462 | D        | Killed an orc warlord
  3464 | D        | Killed a vault guard
  3466 | D        | HP: 3/97 [alligator snapping turtle (11)]
  3466 | D        | Noticed a yaktaur captain
  3467 | D        | Constricted to death by a naga warrior

Illustrated notes

Levels and vault maps discovered:
D:        pitsprint [storerooms_1, entrance_room_1, metal_vault_8, armoury_1,
          mini_pit_1, grid_room_1, main_hall_1, silver_pit, the_coven_1,
          the_vestibule_1, steel_vault_1, golden_pit, hallway_of_sentries,
          crystal_vault_3, iron_vault_1, final_vault]

Skill      XL: |  1  2  3  4  5  6  7  8  9 10 11 12 13 |
---------------+----------------------------------------+-----
Axes           | 2 3 4 5 7 8 9 10 12 13 14 15 | 15.3
Fighting       | 4 5 6 7 8 10 11 13 14 15 17 18 | 18.1
Armour         | 4 5 6 7 8 10 11 13 14 15 17 18 | 18.1
Shields        | 4 5 6 7 8 10 11 13 14 15 17 18 | 18.1
Invocations    | 3 10 14 16 | 16.5

Action                     |  1- 3 |  4- 6 |  7- 9 | 10-12 | 13-15 || total
---------------------------+-------+-------+-------+-------+-------++-------
  Melee: War axe           |    49 |    49 |    43 |   141 |    11 ||   293
 Invoke: Slouch            |       |       |     3 |    10 |     5 ||    18
         Temporal Distorti |       |       |       |     1 |       ||     1
    Use: Potion            |     2 |       |     1 |    13 |     1 ||    17
         Scroll            |       |       |       |     9 |       ||     9
 Armour: Scale mail        |    36 |       |       |       |       ||    36
         Plate armour      |     5 |    38 |    41 |   206 |    13 ||   303
  Dodge: Dodged            |    28 |    15 |    10 |    91 |     8 ||   152
  Block: Buckler           |    25 |    15 |    28 |   142 |    12 ||   222

Table legend: (Time is in decaauts)
 A = Elapsed time spent in this place.
 B = Non-inter-level travel time spent in this place.
 C = Inter-level travel time spent in this place.
 D = Time resting spent in this place.
 E = Time spent auto-exploring this place.
 F = Levels seen in this place.
 G = Mean time per level.
                   A        B        C        D        E       F      G
               +--------+--------+--------+--------+--------+-----+--------+
         Total |   4087 |   3951 |    136 |   2434 |      0 |   1 | 4087.0 |
       Dungeon |   4087 |   3951 |    136 |   2434 |      0 |   1 | 4087.0 |
               +--------+--------+--------+--------+--------+-----+--------+

Top non-repeatable levels by time:
       D: 4087 daAuts
